 Dungeon Crawl Stone Soup version 0.23-a0-650-ga4d50d4d25 (webtiles) character file.

1514 Mazzaar the Geomancer (level 8, -10/43 HPs)
             Began as a Gargoyle Earth Elementalist on Jan 3, 2019.
             Was an Initiate of Vehumet.
             Mangled by an orc knight
             ... wielding a +0 battleaxe
              (24 damage)
             ... in a bailey.
             The game lasted 00:19:39 (6955 turns).

Mazzaar the Geomancer (Gargoyle Earth Elementalist) Turns: 6955, Time: 00:19:39

Health: -10/43     AC: 10    Str: 13    XL:     8   Next: 83%
Magic:  6/16       EV: 12    Int: 25    God:    Vehumet [......]
Gold:   250        SH:  3    Dex: 10    Spells: 9/18 levels left

rFire    + + .     SeeInvis .   f - +1 rapier of the Saviour {pierce, *Drain rF+ rC+ Stlth+}
rCold    + + .     Gourm    .   (no shield)
rNeg     + . .     Faith    .   c - +2 robe
rPois    ∞         Spirit   .   (no helmet)
rElec    +         Reflect  +   (no cloak)
rCorr    .         Harm     .   m - +0 pair of gloves
MR       +....                  (no boots)
Stlth    ++++......             s - amulet "Gumilu" {Reflect rF+ rC+ Int+3 SH+3}
HPRegen  0.14/turn              j - ring of protection from magic
MPRegen  0.15/turn              k - ring of stealth

@: brilliant
A: negative energy resistance 1, electricity resistance, unbreathing,
petrification resistance, rot immunity, AC +5
a: Renounce Religion


You were in a bailey.
You worshipped Vehumet.
Vehumet was noncommittal.
You were hungry.

You visited 2 branches of the dungeon, and saw 8 of its levels.
You also visited: Bailey.

You collected 250 gold pieces.

Inventory:

Hand Weapons
 f - the +1 rapier of the Saviour (weapon) {pierce, *Drain rF+ rC+ Stlth+}
   (You found it on level 6 of the Dungeon)

   It inflicts extra damage upon your enemies.
   It protects you from fire.
   It protects you from cold.
   It causes draining when unequipped.
   It makes you more stealthy.
 v - a +1 morningstar
Missiles
 b - 125 stones (quivered)
Armour
 c - a +2 robe (worn)
 m - a +0 pair of gloves (worn)
Jewellery
 j - a ring of protection from magic (left hand)
 k - a ring of stealth (right hand)
 s - the amulet "Gumilu" (around neck) {Reflect rF+ rC+ Int+3 SH+3}
   (You found it on level 4 of the Dungeon)

   [amulet of reflection]

   It shields you and reflects attacks.
   It affects your intelligence (+3).
   It protects you from fire.
   It protects you from cold.
   It affects your SH (+3).
 x - an uncursed amulet of faith {unknown}
Scrolls
 h - a scroll of remove curse
 l - 2 scrolls of teleportation
 w - 2 scrolls of fear
Potions
 a - 2 potions of brilliance
 e - 5 potions of curing
 g - 2 potions of ambrosia {unknown}
 i - 3 potions of heal wounds
 o - 2 potions of flight {unknown}
 p - a potion of resistance {unknown}
 q - a potion of might {unknown}
 r - 3 potions of agility
 u - 2 potions of lignification {unknown}
Comestibles
 d - 13 rations
 n - 4 chunks of flesh


   Skills:
 + Level 1.5 Fighting
 + Level 1.4 Maces & Flails
 + Level 1.5 Armour
 + Level 2.2 Dodging
 - Level 2.1 Stealth
 + Level 5.7 Spellcasting
 + Level 5.9 Conjurations
   Level 0.7 Transmutations
 + Level 8.0 Earth Magic


You had 9 spell levels left.
You knew the following spells:

 Your Spells              Type           Power        Failure   Level  Hunger
a - Sandblast             Erth           ######       1%          1    None
b - Stone Arrow           Conj/Erth      ######       1%          3    #......
c - Lee's Rapid Deconstr  Erth           ######....   1%          5    #####..

Your spell library contained the following spells:

 Spells                   Type           Power        Failure   Level  Hunger
 Passwall                 Tmut/Erth      #####...     1%          2    None
 Petrify                  Tmut/Erth      #####...     1%          4    ###....


Dungeon Overview and Level Annotations

Branches:
Dungeon (7/15)             Temple (1/1) D:7

Altars:
Cheibriados
Fedhas
Hepliaklqana
Kikubaaqudgha
Makhleb
Nemelex Xobeh
Okawaru
Ru
Trog
Vehumet
Wu Jian
Zin
The Shining One


Innate Abilities, Weirdness & Mutations

You are resistant to torment.
Your stone body is resilient. (AC +5)
You are immune to poison.
You resist negative energy. (rN+)
You are resistant to electric shocks. (rElec)
You can survive without breathing.
You are immune to petrification.
You are immune to rotting.


Message History

Press: ? - help, Dir - move target cursor, p - orc knight An open door.
The stone door frame shatters!
The blast of rock fragments hits the orc knight.
The orc knight is severely wounded.
The blast of rock fragments hits the orc warrior.
You kill the orc warrior!
Vehumet accepts your kill.
Your Earth Magic skill increases to level 8!
The blast of rock fragments hits the hobgoblin.
You kill the hobgoblin!
Vehumet accepts your kill.
You are feeling hungry.
The kobold throws a tomahawk of returning.
The tomahawk of returning hits you.
The weapon returns to the kobold!
The kobold throws a tomahawk of returning.
The tomahawk of returning hits you but does no damage.
The orc knight hits you with a +0 battleaxe!!
Ouch! That really hurt!
You die...

###
##8##
##.∩.##
#8^@^8#
##o∩.##
##'##
≈)≈
#≈o≈#
K≈.≈K
##≈o≈##
K≈.≈K
#≈.≈#


You could see an orc knight, an orc warrior, an orc and 4 kobolds.

Vanquished Creatures
  An orc warrior (Bailey)
  2 sky beasts
  A black bear (D:7)
  3 ogres
  A necrophage (D:5)
  A centaur (D:6)
  A bullfrog (D:6)
  A water moccasin zombie (D:5)
  A scorpion (D:6)
  A water moccasin skeleton (D:6)
  A howler monkey (D:5)
  A crimson imp (D:7)
  A jelly (D:5)
  An orc priest (D:6)
  A bullfrog skeleton (D:4)
  A hound (D:5)
  2 orc wizards (D:6)
  Terence (D:2)
  A worker ant (D:7)
  A hound skeleton (D:5)
  9 adders
  3 oozes
  2 adder skeletons
  A worm (D:6)
  4 dart slugs
  A leopard gecko (D:2)
  14 orcs
  A ball python (D:1)
  6 giant cockroaches
  12 goblins
  7 hobgoblins
  9 jackals
  A quokka (D:7)
  5 bats
  4 frilled lizards
  12 kobolds
  A leopard gecko zombie (D:2)
  A quokka zombie (D:5)
  5 rats
122 creatures vanquished.

Notes
Turn   | Place    | Note
-------+----------+-------------------------------------------
     0 | D:1      | Mazzaar the Gargoyle Earth Elementalist began the quest for
                  | the Orb.
     0 | D:1      | Reached XP level 1. HP: 10/10 MP: 3/3
   224 | D:1      | Reached skill level 4 in Earth Magic
   224 | D:1      | Reached XP level 2. HP: 13/15 MP: 0/5
   666 | D:1      | Reached XP level 3. HP: 19/19 MP: 4/6
   671 | D:1      | Learned a level 3 spell: Stone Arrow
  1048 | D:2      | Reached skill level 1 in Conjurations
  1099 | D:2      | Noticed Terence
  1468 | D:2      | Reached XP level 4. HP: 23/24 MP: 6/8
  1484 | D:2      | Gained mutation: Your magical capacity is low. (-10% MP)
                  | [potion of mutation]
  1484 | D:2      | Lost mutation: Your magical capacity is low. (-10% MP)
                  | [potion of mutation]
  2019 | D:2      | Killed Terence
  2154 | D:3      | Reached skill level 5 in Earth Magic
  2400 | D:3      | Reached XP level 5. HP: 25/28 MP: 9/9
  2438 | D:3      | Learned a level 5 spell: Lee's Rapid Deconstruction
  3346 | D:4      | Got a brightly glowing silver amulet
  3347 | D:4      | Identified the amulet "Gumilu" {Reflect rF+ rC+ Int+3 SH+3}
                  | (You found it on level 4 of the Dungeon)
  3702 | D:4      | Found the +8 orange crystal plate armour {Archmagi, Int+3
                  | Clar}
  3954 | D:4      | Found a bloodstained altar of Trog.
  4104 | D:5      | Entered Level 5 of the Dungeon
  4290 | D:5      | Reached XP level 6. HP: 32/32 MP: 4/11
  4487 | D:5      | Reached skill level 6 in Earth Magic
  4596 | D:5      | Noticed a necrophage
  4609 | D:5      | Killed a necrophage
  4609 | D:5      | Reached XP level 7. HP: 36/36 MP: 7/13
  4666 | D:5      | Found an ancient bone altar of Kikubaaqudgha.
  5373 | D:6      | Reached skill level 7 in Earth Magic
  5552 | D:6      | Got a bloodstained rapier
  5553 | D:6      | Identified the cursed +1 rapier of the Saviour {pierce,
                  | *Drain rF+ rC+ Stlth+} (You found it on level 6 of the
                  | Dungeon)
  5555 | D:6      | Reached skill level 5 in Spellcasting
  5555 | D:6      | Reached skill level 5 in Conjurations
  5555 | D:6      | Reached XP level 8. HP: 41/41 MP: 8/15
  6417 | D:6      | Found a bloodstained altar of Trog.
  6616 | D:7      | Reached skill level 1 in Fighting
  6616 | D:7      | Reached skill level 1 in Maces & Flails
  6616 | D:7      | Reached skill level 1 in Armour
  6631 | D:7      | Found a staircase to the Ecumenical Temple.
  6642 | Temple   | Entered the Ecumenical Temple
  6684 | Temple   | Became a worshipper of Vehumet
  6768 | D:7      | Found a flagged portal.
  6775 | Bailey   | Entered a bailey
  6949 | Bailey   | Noticed an orc knight
  6955 | Bailey   | Reached skill level 8 in Earth Magic
  6955 | Bailey   | Mangled by an orc knight

Vault maps used:
D:1:      psy_arrival_conway
D:2:      uniq_terence
D:4:      overflow_temple_1_default, first_ration
D:5:      lemuel_round_altar, feat_on_display
D:6:      trog_book
D:7:      minmay_clustersquares, temple_fountains, basic_altar, enter_bailey_3
Temple:   regret_index_temple_chain_breaker
Bailey:   bailey_axe_1, bailey

Skill      XL: |  1  2  3  4  5  6  7  8 |
---------------+-------------------------+-----
Earth Magic    | 4 5 6 7 8 |  8.0
Conjurations   | 1 3 4 5 |  5.9
Spellcasting   | 3 4 5 |  5.7
Fighting       | 1 |  1.5
Maces & Flails | 1 |  1.4
Armour         | 1 |  1.5
Dodging        | 2 |  2.2
Stealth        | |  2.1
Transmutations | |  0.7

Action                   |  1- 3 |  4- 6 |  7- 9 || total
-------------------------+-------+-------+-------++-------
Melee: Unarmed           |     5 |       |       ||     5
       Club              |    62 |   174 |    24 ||   260
       Morningstar       |       |       |    30 ||    30
       Rapier            |       |       |    72 ||    72
 Cast: Sandblast         |    33 |    19 |    36 ||    88
       Stone Arrow       |       |     7 |    11 ||    18
       Lee's Rapid Decon |       |       |     2 ||     2
  Use: Scroll            |     7 |     7 |     4 ||    18
       Potion            |     1 |     1 |     1 ||     3
 Stab: Sleeping          |     2 |       |     3 ||     5
       Distracted        |       |     1 |     1 ||     2
  Eat: Chunk             |     2 |    11 |     8 ||    21
Armor: Robe              |    31 |    75 |    97 ||   203
Dodge: Dodged            |    66 |   144 |   137 ||   347
Block: Other             |       |     8 |    27 ||    35
       Reflection        |       |       |     2 ||     2

Table legend:
 A = Non-vault XP
 B = Vault XP
 C = Vault XP percentage of total XP
 D = Non-vault monster count
 E = Vault monster count
 F = Vault count percentage of total count
                 A         B        C        D         E       F
            +---------+---------+-------+---------+---------+-------
      Total |    1984 |     179 |   8.3 |     115 |       7 |   5.7
            +---------+---------+-------+---------+---------+-------
        D:1 |      39 |       0 |   0.0 |      22 |       0 |   0.0
        D:2 |      69 |      36 |  34.3 |      17 |       1 |   5.6
        D:3 |      45 |       0 |   0.0 |      19 |       0 |   0.0
        D:4 |      71 |       0 |   0.0 |       6 |       0 |   0.0
        D:5 |     787 |       0 |   0.0 |      21 |       0 |   0.0
        D:6 |     749 |       0 |   0.0 |      21 |       0 |   0.0
        D:7 |     224 |       8 |   3.4 |       9 |       4 |  30.8
     Bailey |       0 |     135 | 100.0 |       0 |       2 | 100.0
            +---------+---------+-------+---------+---------+-------
